 Dungeon Crawl Stone Soup version 0.25.1-2-g60ff931df9 (webtiles) character file.

Game seed: 2569701380973578610

23702 Elvor the Basher (level 12, -1/115 HPs)
             Began as a Minotaur Fighter on Aug 24, 2020.
             Was a High Priest of Okawaru.
             Slain by an entropy weaver (9 damage)
             ... on level 13 of the Dungeon.
             The game lasted 02:19:32 (12317 turns).

Elvor the Basher (Minotaur Fighter)                Turns: 12317, Time: 02:19:33

Health: -1/115     AC: 13    Str: 26    XL:     12   Next: 74%
Magic:  10/11      EV:  8    Int:  5    God:    Okawaru [*****.]
Gold:   1217       SH:  9    Dex: 10    Spells: 11/11 levels left

rFire    . . .     SeeInvis .   Y - +0 morningstar
rCold    . . .     Gourm    .   O - +3 warlock's mirror {reflect}
rNeg     . . .     Faith    +   s - +0 plate armour
rPois    .         Spirit   .   a - +0 hat
rElec    .         Reflect  +   z - +0 cloak
rCorr    .         Harm     .   m - +0 pair of gloves
MR       .....                  D - +2 pair of boots
Stlth    ..........             j - amulet of faith
HPRegen  0.29/turn              J - +4 ring of protection
MPRegen  0.12/turn              S - ring of Roweinwo {Wiz Slay+2}

@: about to teleport, corroded
A: retaliatory headbutt, horns 2
a: Heroism, Finesse, Renounce Religion


You were on level 13 of the Dungeon.
You worshipped Okawaru.
Okawaru was extremely pleased with you.
You were not hungry.

You visited 2 branches of the dungeon, and saw 14 of its levels.
You also visited: Bailey.

You collected 1217 gold pieces.

Inventory:

Hand Weapons
 Y - a +0 morningstar (weapon)
Missiles
 t - 48 boomerangs (quivered)
Armour
 a - a +0 hat (worn)
 m - a +0 pair of gloves (worn)
 s - a +0 plate armour (worn)
 z - a +0 cloak (worn)
 D - a +2 pair of boots (worn)
 O - the +3 warlock's mirror (worn) {reflect}
   (You found it on level 10 of the Dungeon)
Jewellery
 j - an amulet of faith (around neck)
 v - an uncursed ring of see invisible
 J - a +4 ring of protection (left hand)
 S - the ring of Roweinwo (right hand) {Wiz Slay+2}
   (You took it off a gnoll on level 7 of the Dungeon)

   [ring of wizardry]

   It improves your spell success rate.
   It affects your accuracy and damage with ranged weapons and melee attacks
   (+2).
Wands
 c - a wand of enslavement (15)
 E - a wand of digging (4)
 R - a wand of acid (2)
 T - a wand of flame (23)
 V - a wand of paralysis (19)
Scrolls
 e - a scroll of remove curse
 g - 3 scrolls of fear
 n - 4 scrolls of immolation
 p - 5 scrolls of teleportation
 x - a scroll of fog
 H - a scroll of magic mapping
 Q - a scroll of vulnerability {unknown}
Potions
 b - a potion of resistance {unknown}
 h - 5 potions of curing
 i - 7 potions of flight
 l - 2 potions of lignification
 u - 2 potions of berserk rage
 w - 2 potions of might
 A - a potion of mutation {unknown}
 I - a potion of ambrosia {unknown}
 P - a potion of cancellation {unknown}
 W - a potion of haste
 Z - a potion of invisibility
Comestibles
 f - 18 rations


   Skills:
 * Level 13.2 Fighting
 + Level 13.8 Maces & Flails
 + Level 5.3 Throwing
 + Level 11.0 Armour
 + Level 2.0 Dodging
 + Level 0.5 Stealth
 + Level 12.1 Shields
 + Level 1.0 Invocations


You had 11 spell levels left.
You didn't know any spells.
Your spell library contained the following spells:

 Spells                   Type           Power        Failure   Level  Hunger
 Foxfire                  Conj/Fire      #...         86%         1    ##.....
 Infusion                 Chrm           #...         86%         1    ##.....
 Magic Dart               Conj           #...         86%         1    ##.....
 Summon Small Mammal      Summ           #...         86%         1    ##.....
 Blink                    Tloc           N/A          94%         2    ###....
 Call Imp                 Summ           #.......     94%         2    ###....
 Shroud of Golubria       Chrm/Tloc      #.....       94%         2    ###....
 Slow                     Hex            #.......     94%         2    ###....
 Song of Slaying          Chrm           #.......     94%         2    ###....
 Call Canine Familiar     Summ           #.......     99%         3    ####...
 Conjure Flame            Conj/Fire      #.......     99%         3    ####...
 Inner Flame              Hex/Fire       #.......     99%         3    ####...
 Mephitic Cloud           Conj/Pois/Air  #.......     99%         3    ####...
 Ozocubu's Armour         Chrm/Ice       #.......     99%         3    ####...
 Spectral Weapon          Hex/Chrm       #.......     99%         3    ####...
 Summon Guardian Golem    Hex/Summ       #.......     99%         3    ####...
 Sticky Flame             Conj/Fire      #.......     100%        4    #####..
 Summon Ice Beast         Ice/Summ       #.......     100%        4    #####..
 Summon Lightning Spire   Summ/Air       #.......     100%        4    #####..
 Fireball                 Conj/Fire      #.........   100%        5    ######.


Dungeon Overview and Level Annotations

Branches:
Dungeon (13/15)            Temple (1/1) D:5            Lair (0/6) D:11
    Orc (0/2) D:12         Bailey (visited)
 Vaults: D:13-14

Altars:
Ashenzari
Cheibriados
Dithmenos
Elyvilon
Fedhas
Gozag
Hepliaklqana
Kikubaaqudgha
Makhleb
Nemelex Xobeh
Okawaru
Qazlal
Ru
Sif Muna
Trog
Uskayaw
Vehumet
Wu Jian
Xom
Yredelemnul
Zin
The Shining One

Shops:
D:6 }:%:   D:8 (

Portals:
Trove: D:12 (give 2 scrolls of acquirement)


Innate Abilities, Weirdness & Mutations

You reflexively headbutt those who attack you in melee.
You have a pair of horns on your head.


Message History

A worker ant comes into view.
The entropy weaver hits you.
* * * LOW HITPOINT WARNING * * *
The entropy weaver hits you!
* * * LOW HITPOINT WARNING * * *
The entropy weaver hits you but does no damage. x2
You feel much better.
The worker ant twitches its antennae in your direction.
The entropy weaver hits you!
* * * LOW HITPOINT WARNING * * *
The entropy weaver hits you but does no damage.
You block the entropy weaver's attack. The entropy weaver hits you.
* * * LOW HITPOINT WARNING * * *
As you read the scroll of teleportation, it crumbles to dust.
You feel strangely unstable. The entropy weaver hits you.
* * * LOW HITPOINT WARNING * * *
The entropy weaver hits you!
* * * LOW HITPOINT WARNING * * *
The entropy weaver hits you!
You die...

#######################
......................#
......)...............#
###########'###########
#....<........#
#.............#
...###'###########
..........†.@aa...#
......aa.....a..F.#
#.###.####.#.###a## ##
#..#####†#.# #.# #a#a.#
#. #a.#a# . #.##.# .#
aa## .# [. $a#. .#


You could see a queen ant, an entropy weaver, a soldier ant, a bullfrog and 3
worker ants.

Vanquished Creatures
  An entropy weaver (D:13)
  A slime creature (D:12)
  Erica (D:8)
  2 two-headed ogres
  An unseen horror (D:11)
  A wizard (D:11)
  Pikel (D:7)
  An orc knight (Bailey)
  2 manticores
  3 ugly things
  Joseph (D:7)
  2 centaur zombies
  The ghost of Hyperion the Covert, a novice VSMo of Dithmenos (D:7)
  3 gargoyles (D:11)
  Maggie (D:7)
  A tengu conjurer (D:11)
  A troll (D:11)
  2 hornets
  A meliai zombie (D:12)
  Prince Ribbit (D:5)
  4 hippogriffs
  A vampire (D:11)
  A shadow (D:12)
  12 yaks (D:12)
  A basilisk (shapeshifter) (D:13)
  Grum (D:9)
  2 wyverns
  2 hungry ghosts
  6 vampire mosquitoes
  Menkaure (D:5)
  2 soldier ants (D:13)
  An acid dragon (D:11)
  A water moccasin (D:12)
  A hornet zombie (D:11)
  Duvessa (D:7)
  A black bear (D:7)
  5 orc warriors
  4 ice beasts
  A sky beast (D:5)
  3 necrophages
  7 ogres
  2 wolves (D:9)
  7 centaurs
  4 big kobolds
  5 gnoll sergeants
  10 bullfrogs
  3 scorpions
  Dowan (D:7)
  A water moccasin skeleton (D:8)
  3 killer bees (D:9)
  10 wights
  6 crimson imps
  2 bullfrog zombies
  2 quasits
  5 hounds
  7 orc priests
  A bullfrog skeleton (D:5)
  2 centaur skeletons
  5 jellies
  A gnoll shaman (D:7)
  Natasha (thrice) (D:2)
  Terence (D:2)
  22 worker ants
  4 iguanas
  14 orc wizards
  21 gnolls
  A howler monkey skeleton (D:11)
  15 adders
  2 shadow imps
  2 oozes
  An adder zombie (D:9)
  A worm (D:3)
  2 dart slugs (D:1)
  A leopard gecko (D:1)
  37 orcs
  10 bats
  2 giant cockroaches
  15 goblins
  11 hobgoblins
  16 jackals
  32 kobolds
  8 quokkas
  2 ball pythons
  4 frilled lizards
  A quokka skeleton (D:4)
  9 rats
400 creatures vanquished.

Vanquished Creatures (collateral kills)
  An orc knight (Bailey)
  An orc warrior (Bailey)
  A kobold (Bailey)
3 creatures vanquished.

Vanquished Creatures (others)
  An orc knight (Bailey)
  An orc warrior (Bailey)
  A slave (D:7)
  A bullfrog skeleton (D:7)
  A worker ant (D:7)
  6 plants (D:7)
11 creatures vanquished.

Grand Total: 414 creatures vanquished

Notes
Turn   | Place    | Note
-------+----------+-------------------------------------------
     0 | D:1      | Elvor the Minotaur Fighter began the quest for the Orb.
     0 | D:1      | Reached XP level 1. HP: 19/19 MP: 0/0
   234 | D:1      | Reached XP level 2. HP: 27/27 MP: 1/1
   556 | D:1      | Reached XP level 3. HP: 32/33 MP: 2/2
  1137 | D:2      | Reached skill level 1 in Dodging
  1173 | D:2      | Noticed Natasha
  1181 | D:2      | Killed Natasha
  1181 | D:2      | Reached XP level 4. HP: 24/41 MP: 3/3
  1547 | D:2      | Noticed Natasha
  1561 | D:2      | Killed Natasha
  1561 | D:2      | Reached XP level 5. HP: 20/47 MP: 4/4
  1577 | D:2      | Noticed Terence
  1585 | D:2      | Killed Terence
  1605 | D:2      | Noticed Natasha
  1612 | D:2      | Killed Natasha
  1881 | D:3      | Reached skill level 5 in Fighting
  2035 | D:3      | Reached XP level 6. HP: 45/56 MP: 5/5
  2081 | D:3      | Reached skill level 5 in Armour
  2385 | D:3      | Reached skill level 1 in Throwing
  2385 | D:3      | Reached skill level 5 in Shields
  2916 | D:4      | Reached XP level 7. HP: 61/61 MP: 6/6
  2944 | D:4      | Reached skill level 5 in Maces & Flails
  3212 | D:5      | Entered Level 5 of the Dungeon
  3686 | D:5      | Noticed Prince Ribbit
  3704 | D:5      | Killed Prince Ribbit
  3704 | D:5      | Reached XP level 8. HP: 71/71 MP: 7/7
  3808 | D:5      | Noticed Menkaure
  3818 | D:5      | Killed Menkaure
  4039 | D:5      | Found a staircase to the Ecumenical Temple.
  4045 | Temple   | Entered the Ecumenical Temple
  4356 | Temple   | Became a worshipper of Warmaster Okawaru
  4839 | D:6      | Found Feoresotz's Gadget Emporium.
  5152 | D:6      | Noticed a manticore
  5174 | D:6      | Killed a manticore
  5174 | D:6      | Reached * piety under Okawaru
  5175 | D:6      | Reached XP level 9. HP: 16/79 MP: 8/8
  5330 | D:6      | Found Kevvakh's Book Boutique.
  5340 | D:6      | Found Baix Lext's Food Shoppe.
  5365 | D:6      | Found Garumud's Book Emporium.
  5608 | D:6      | Found a shattered altar of Ashenzari.
  5756 | D:7      | Noticed Joseph
  5772 | D:7      | Killed Joseph
  5902 | D:7      | Found a snail-covered altar of Cheibriados.
  5950 | D:7      | Noticed Duvessa
  5957 | D:7      | Noticed Dowan
  5962 | D:7      | Killed Dowan
  5981 | D:7      | Killed Duvessa
  6029 | D:7      | Noticed Pikel
  6044 | D:7      | Killed Pikel
  6047 | D:7      | Found a transporter.
  6116 | D:7      | Reached ** piety under Okawaru
  6234 | D:7      | Identified the ring of Roweinwo {Wiz Slay+2}
  6264 | D:7      | Found a transporter.
  6275 | D:7      | Noticed Hyperion's ghost (novice VSMo)
  6351 | D:7      | Noticed Maggie
  6364 | D:7      | Killed Maggie
  6743 | D:7      | Reached skill level 10 in Maces & Flails
  6756 | D:7      | Reached XP level 10. HP: 70/90 MP: 9/9
  6773 | D:7      | Killed Hyperion's ghost
  6955 | D:8      | Reached *** piety under Okawaru
  7136 | D:8      | Found Pyreg's Antique Weapon Shoppe.
  7394 | D:8      | Noticed Erica
  7418 | D:8      | Killed Erica
  7642 | D:9      | Noticed Grum
  7659 | D:9      | Reached **** piety under Okawaru
  7698 | D:9      | Killed Grum
  7700 | D:9      | Reached skill level 10 in Shields
  7705 | D:9      | Found a flagged portal.
  7718 | Bailey   | Entered a bailey
  7729 | Bailey   | Noticed an orc knight
  7739 | Bailey   | Noticed an orc knight
  7787 | Bailey   | Killed an orc knight
  7787 | Bailey   | Reached skill level 10 in Fighting
  7877 | Bailey   | Noticed an orc knight
  7898 | Bailey   | Killed an orc knight
  8181 | D:9      | Reached XP level 11. HP: 100/100 MP: 10/10
  8237 | D:9      | Reached ***** piety under Okawaru
  8575 | D:10     | Entered Level 10 of the Dungeon
  8813 | D:10     | Received a gift from Okawaru
  8962 | D:10     | Noticed a two-headed ogre
  8979 | D:10     | Killed a two-headed ogre
  9206 | D:10     | Found the +3 warlock's mirror {reflect}
  9460 | D:11     | Noticed a cyan ugly thing
  9477 | D:11     | Killed a cyan ugly thing
  9604 | D:11     | Noticed a brown ugly thing
  9604 | D:11     | Noticed a two-headed ogre
  9625 | D:11     | Killed a brown ugly thing
  9632 | D:11     | Killed a two-headed ogre
  9879 | D:11     | Reached skill level 10 in Armour
 10000 | D:11     | Found a staircase to the Lair.
 10190 | D:11     | Noticed an unseen horror
 10210 | D:11     | Killed an unseen horror
 10229 | D:11     | Received a gift from Okawaru
 10298 | D:11     | Reached XP level 12. HP: 68/111 MP: 11/11
 10354 | D:11     | Reached skill level 5 in Throwing
 10377 | D:11     | Received a gift from Okawaru
 10437 | D:11     | Got a masterwork leather armour
 10448 | D:11     | Identified the +1 leather armour of Exclusion {MR+} (You
                  | found it on level 11 of the Dungeon)
 10794 | D:12     | Reached skill level 1 in Invocations
 11238 | D:12     | Found a portal to a secret trove of treasure.
 11399 | D:12     | Found a staircase to the Orcish Mines.
 12267 | D:13     | Noticed an entropy weaver
 12267 | D:13     | Noticed a queen ant
 12297 | D:13     | Killed an entropy weaver
 12311 | D:13     | Noticed an entropy weaver
 12317 | D:13     | Slain by an entropy weaver

Illustrated notes

Levels and vault maps discovered:
D:1:      moated_graveyard_arrival, layout_basic, feat_on_display
D:2:      layout_loops_ring, uniq_natasha, uniq_terence
D:3:      layout_loops_cross, serial_bayou_pond_e
D:4:      layout_cave_pools
D:5:      layout_layer_cave, minmay_temple_entry_fiery, first_ration,
          serial_bayou_ford_a, uniq_menkaure, uniq_prince_ribbit1
D:6:      layout_layer_cave, old_standard_altar, serial_shops, shop,
          nicolae_shop_competitors_out_of_business, shop_fountains, shop,
          serial_glass, glass_columns_b, glass_columns_a,
          minmay_manual_monstrance
D:7:      layout_loops_ring, gammafunk_ghost_gnarly_gnolls, basic_altar,
          grunt_ogre_cave, uniq_joseph, uniq_duvessa, uniq_maggie, uniq_pikel
D:8:      layout_loops_ring, serial_shops, nicolae_shop_waterfront, uniq_erica
D:9:      layout_cave_pools, enter_bailey_3, uniq_grum
D:10:     layout_loops_ring
D:11:     layout_roguey, lair_entry_dummy, minmay_fractal_squares_gapless_7
D:12:     layout_roguey, orc_0_dummy, nicolae_trove_entry_crystal,
          minmay_misc_feat_x, kennysheep_small_circle
D:13:     layout_grid_maze, grunt_vaults_entry_fortified, minivault_26,
          minmay_another_anthill
Temple:   regret_index_temple_sigil_plot

Skill      XL: |  1  2  3  4  5  6  7  8  9 10 11 12 |
---------------+-------------------------------------+-----
Fighting       | 4 5 6 7 8 10 11 13 | 13.2
Armour         | 4 5 6 7 8 9 10 11 | 11.0
Shields        | 4 5 6 7 8 10 11 12 | 12.1
Dodging        | 1 2 |  2.0
Maces & Flails | 3 4 6 7 10 12 13 | 13.8
Throwing       | 1 3 4 5 |  5.3
Invocations    | 1 |  1.0
Stealth        | |  0.5

Action                   |  1- 3 |  4- 6 |  7- 9 | 10-12 || total
-------------------------+-------+-------+-------+-------++-------
Melee: Flail             |    98 |   166 |   273 |   640 ||  1177
       Headbutt          |    14 |    29 |    59 |   195 ||   297
       Morningstar       |       |       |       |   245 ||   245
Throw: Dart              |       |    18 |    33 |    37 ||    88
       Boomerang         |       |       |       |    33 ||    33
Invok: Heroism           |       |       |     2 |     6 ||     8
       Finesse           |       |       |       |     1 ||     1
Evoke: Wand              |       |       |       |     2 ||     2
  Use: Scroll            |       |     6 |     7 |    11 ||    24
       Potion            |       |       |     6 |     5 ||    11
 Stab: Paralysed         |       |       |       |     1 ||     1
  Eat: Ration            |     1 |     1 |     4 |     5 ||    11
       Chunk             |       |     1 |       |     5 ||     6
Armor: Scale mail        |    49 |       |       |       ||    49
       Plate armour      |       |    99 |   174 |   453 ||   726
Dodge: Dodged            |    32 |    35 |    78 |   190 ||   335
Block: Kite shield       |    50 |    92 |   207 |   289 ||   638
       Buckler           |       |       |       |   213 ||   213
       Reflection        |       |       |       |     5 ||     5
